 Dungeon Crawl Stone Soup version 0.23.2-40-g277498a001 (webtiles) character file.

Game seed: 4605600946467549729

29 Martska the Chiller (level 3, 0/26 HPs)
             Began as a Merfolk Ice Elementalist on Oct 2, 2019.
             Slain by an adder (4 damage)
             ... on level 1 of the Dungeon.
             The game lasted 00:04:30 (764 turns).

Martska the Chiller (Merfolk Ice Elementalist)       Turns: 764, Time: 00:04:31

Health: 0/26       AC:  3    Str:  8    XL:     3   Next: 16%
Magic:  0/6        EV: 14    Int: 14    God:
Gold:   10         SH:  0    Dex: 15    Spells: 5/6 levels left

rFire    + . .     SeeInvis .   e - +0 dagger
rCold    . . .     Gourm    .   (no shield)
rNeg     . . .     Faith    .   a - +0 robe
rPois    .         Spirit   .   h - +0 helmet (curse)
rElec    .         Reflect  .   (no cloak)
rCorr    .         Harm     .   (no gloves)
MR       .....                  (no boots)
Stlth    ++........             (no amulet)
HPRegen  0.08/turn              f - ring of protection from fire
MPRegen  0.10/turn              (no ring)

@: lethally poisoned (0 -> -4), very slightly contaminated
A: change form in water, swift swim, stealthy swim
a: no special abilities


You were on level 1 of the Dungeon.
You were not hungry.

You visited 1 branch of the dungeon, and saw 2 of its levels.

You collected 10 gold pieces.

Inventory:

Hand Weapons
 e - a +0 dagger (weapon)
Armour
 a - a +0 robe (worn)
 h - a cursed +0 helmet (worn)
Jewellery
 f - a ring of protection from fire (left hand)
Scrolls
 b - a scroll of immolation {unknown}
 d - 2 scrolls of teleportation {unknown}
Potions
 g - a potion of cancellation {unknown}
 i - a potion of berserk rage {unknown}
Comestibles
 c - 4 rations


   Skills:
 * Level 1.3 Fighting
 * Level 3.4 Dodging
 + Level 2.5 Stealth
 + Level 2.2 Spellcasting
   Level 0.7 Conjurations
 + Level 3.4 Ice Magic


You had 5 spell levels left.
You knew the following spells:

 Your Spells              Type           Power        Failure   Level  Hunger
a - Freeze                Ice            ##..         5%          1    #......

Your spell library contained the following spells:

 Spells                   Type           Power        Failure   Level  Hunger
 Throw Frost              Conj/Ice       #.....       16%         2    ###....
 Ozocubu's Armour         Chrm/Ice       #.......     34%         3    ###....
 Throw Icicle             Conj/Ice       #.......     69%         4    #####..
 Summon Ice Beast         Ice/Summ       #.......     75%         4    #####..


Dungeon Overview and Level Annotations

Branches:
Dungeon (2/15)

Altars:


Message History

There is a stone staircase leading up here.
The adder closely misses you. The adder bites you.
* * * LOW HITPOINT WARNING * * *
You climb upwards.
There is a stone staircase leading down here.
The adder bites you.
* * * LOW HITPOINT WARNING * * *
You are lethally poisoned!
The adder poisons you!
* * * LOW HITPOINT WARNING * * *
You feel sick.
Casting: Freeze (safe; 5% risk of failure)
Confirm with . or Enter, or press ? or * to list all spells.
Aiming: Freeze (safe; 5% risk of failure)
Press: ? - help, Shift-Dir - straight line, f - adder
Aim: an adder (moderately wounded)
You freeze the adder.
The adder is severely wounded.
The adder seems to slow down.
The adder bites you.
You die...

####.######.......###############
.......^..........# #.......#
..................#######.......#
................................#
..........####..#########.......#
..........# #...## #####.###
..........# #.#..# #..#
..........# #..#.# ##.#
...รท...>..# ##.@.##### #.#
..........### ##.S....# #.#
............#####...#.# #.#
...)......#....####...###### #.#
#.........####..####>......# #.#
#.....[...## ##..........#.###.##
#..........## #######........#..#
#.#.........#### ##....######.#
#.#.#.####.....#####.....# #.#


You could see an adder.

Vanquished Creatures
  An adder (D:2)
  A leopard gecko (D:1)
  3 goblins (D:1)
  3 hobgoblins (D:1)
  6 kobolds (D:1)
  2 bats (D:1)
  3 frilled lizards (D:1)
  A rat (D:2)
20 creatures vanquished.

Notes
Turn   | Place    | Note
-------+----------+-------------------------------------------
     0 | D:1      | Martska the Merfolk Ice Elementalist began the quest for
                  | the Orb.
     0 | D:1      | Reached XP level 1. HP: 13/13 MP: 3/3
   352 | D:1      | Reached XP level 2. HP: 20/20 MP: 3/5
   482 | D:1      | Reached skill level 1 in Fighting
   751 | D:2      | Reached XP level 3. HP: 12/26 MP: 0/6
   764 | D:1      | Slain by an adder

Skill      XL: |  1  2 |
---------------+-------+-----
Dodging        | 3 |  3.4
Fighting       | 1 |  1.3
Stealth        | |  2.5
Spellcasting   | |  2.2
Conjurations   | |  0.7
Ice Magic      | |  3.4

Action                   || total
-------------------------++-------
Melee: Dagger            ||    13
 Cast: Freeze            ||    28
Armor: Robe              ||     9
Dodge: Dodged            ||    42
